 Dungeon Crawl Stone Soup version bcrawl-1.19.1 (webtiles) character file.

Game seed: 5728887407182922416

42 Anathary the Shield-Bearer (level 3, 0/22 HPs)
             Began as a Vine Stalker Fighter on Dec 10, 2019.
             Killed by nerve-wracking pain
             ... invoked by an orc priest
              (7 damage)
             ... on level 2 of the Dungeon on Dec 11, 2019.
             The game lasted 00:05:29 (1622 turns).

Anathary the Shield-Bearer (Vine Stalker Fighter)   Turns: 1622, Time: 00:05:30

Health: 0/22       AC:  6    Str: 19    XL:     3   Next: 54%
Magic:  0/4        EV:  7    Int:  8    God:
Gold:   63         SH:  9    Dex: 13    Spells: 2/2 levels left

rFire    . . .     SeeInvis .   a - +0 long sword
rCold    . . .     Gourm    .   c - +0 shield
rNeg     . . .     Faith    .   b - +0 scale mail
rPois    .         Spirit   +   (no helmet)
rElec    .         Reflect  .   (no cloak)
rCorr    .         Harm     .   (no gloves)
MR       .....                  (no boots)
Stlth    ..........             l - amulet of guardian spirit
HPRegen  0.47/turn              (no ring)
MPRegen  0.09/turn              (no ring)

@: no status effects
A: fangs 2, regeneration 1, no potion heal 3, rot immunity, strong jaws
a: no special abilities


You were on level 2 of the Dungeon.
You were not hungry.

You visited 1 branch of the dungeon, and saw 2 of its levels.

You collected 63 gold pieces.

Inventory:

Hand Weapons
 a - a +0 long sword (weapon)
Armour
 b - a +0 scale mail (worn)
 c - a +0 shield (worn)
Jewellery
 l - an amulet of guardian spirit (around neck)
Scrolls
 e - 2 scrolls of identify {unknown}
 g - a scroll of fog {unknown}
 h - 3 scrolls of noise {unknown}
 k - a scroll of fear {unknown}
Potions
 d - 2 potions of might
 i - a potion of agility {unknown}
 j - a potion of curing {unknown}
 m - a potion of degeneration {unknown}
Comestibles
 f - 3 rations {!d}


   Skills:
 + Level 2.9 Fighting
 + Level 2.3 Long Blades
 + Level 2.6 Armour
 + Level 0.9 Dodging
 + Level 0.6 Stealth
 + Level 3.1 Shields


You had 2 spell levels left.
You didn't know any spells.
Your spell library was empty.

Dungeon Overview and Level Annotations

Branches:
Dungeon (2/12)

Altars:


Innate Abilities, Weirdness & Mutations

You have extremely sharp teeth.
Your natural rate of healing is unusually fast.
Potions cannot restore your health.
You are immune to rotting.
Your bites deal extra damage.


Message History

The orc priest moves out of view.
You closely miss the orc priest. You block the orc priest's attack.
You hit the orc but do no damage. You block the orc's attack.
The orc wizard casts a spell.
The orc wizard flickers and vanishes!
Deactivating autopickup; reactivate with Ctrl-A.
You closely miss the orc.
A bat comes into view.
The orc priest hits you.
The orc priest mumbles some strange prayers to Beogh against you.
Pain shoots through your body!
Ouch! That really hurt!
Something hits you but does no damage. The orc completely misses you.
You hit the orc priest.
The orc priest is lightly wounded.
The bat hits you. The orc priest hits you.
Something hits you but does no damage. You block the orc's attack.
The orc priest invokes the aid of Beogh against you.
Pain shoots through your body!
You die...

#.##.......##.##.#
#.##.#####.##.##.##
#.# #####.††......
#.# #........##.##
#.# #.###.#####.#
#.# .# #.. #.##.#
#.# #.#o.#.#####
#o@{......
.......ob...##.
########.#### .# .#
.# .. ##


You could see 2 orc priests, an orc and a bat.

Vanquished Creatures
  A worm (D:2)
  2 dart slugs (D:1)
  A leopard gecko (D:2)
  A ball python (D:2)
  A giant cockroach (D:1)
  3 goblins
  4 hobgoblins
  5 jackals
  6 kobolds
  3 bats
  A frilled lizard (D:1)
  3 rats
31 creatures vanquished.

Notes
Turn   | Place    | Note
-------+----------+-------------------------------------------
     0 | D:1      | Anathary the Vine Stalker Fighter began the quest for the
                  | Orb.
     0 | D:1      | Reached XP level 1. HP: 13/13 MP: 2/2
   255 | D:1      | Reached XP level 2. HP: 11/18 MP: 3/3
   902 | D:1      | Reached skill level 3 in Shields
   993 | D:1      | Reached XP level 3. HP: 20/22 MP: 2/4
  1622 | D:2      | Killed from afar by an orc priest

Skill      XL: |  1  2 |
---------------+-------+-----
Long Blades    | 2 |  2.3
Shields        | 3 |  3.1
Fighting       | |  2.9
Armour         | |  2.6
Dodging        | |  0.9
Stealth        | |  0.6

Action                   || total
-------------------------++-------
Melee: Long sword        ||   107
       Bite              ||    10
  Eat: Ration            ||     1
Armor: Scale mail        ||    45
Dodge: Dodged            ||    35
Block: Shield            ||    66
